 Dungeon Crawl Stone Soup version 0.28-a0-1002-gf00fe891ef (webtiles) character file.

Game seed: 2890690519757685388

90 Armakuni the Conjurer (level 4, -12/30 HPs)
             Began as a Human Conjurer on Dec 6, 2021.
             Mangled by Sigmund (13 damage)
             ... on level 2 of the Dungeon.
             The game lasted 00:05:38 (2353 turns).

Armakuni the Conjurer (Human Conjurer)              Turns: 2353, Time: 00:05:38

Health: -12/30     AC:  3    Str:  9    XL:     4   Next: 85%
Magic:  4/7        EV: 12    Int: 19    God:
Gold:   53         SH:  0    Dex: 11    Spells: 1/7 levels left

rFire   + + .      SeeInvis .   a - +2 whip (elec)
rCold   + . .      Faith    .   (no shield)
rNeg    . . .      Spirit   .   b - +0 robe
rPois   .          Reflect  .   f - +1 hat
rElec   .          Harm     .   j - scarf {rC+ rF+}
rCorr   .          Rampage  .   (no gloves)
Will    .....                   (no boots)
Stlth   ++........              M - amulet of magic regeneration
HPRegen 0.10/turn               F - ring of protection from fire
MPRegen 0.50/turn               (no ring)

@: brilliant
A: no striking features
a: no special abilities


You were on level 2 of the Dungeon.
You visited 1 branch of the dungeon, and saw 2 of its levels.

You collected 53 gold pieces.

Inventory:

Hand Weapons
 a - a +2 whip of electrocution (weapon)
 h - a +2 dagger of venom
Missiles
 c - 8 poisoned darts
Armour
 b - a +0 robe (worn)
 e - a +0 leather armour
 f - a +1 hat (worn)
 j - a scarf of resistance (worn)
Jewellery
 F - a ring of protection from fire (left hand)
 M - an amulet of magic regeneration (around neck)
Scrolls
 m - a scroll of amnesia


   Skills:
 - Level 2.0 Dodging
 - Level 2.0 Stealth
 - Level 2.0 Spellcasting
 + Level 5.8 Conjurations


You had one spell level left.
You knew the following spells:

 Your Spells              Type           Power      Damage    Failure   Level
w - Flame Wave            Conj/Fire      19%        2d5       45%         4
z - Searing Ray           Conj           72%        2d7       2%          2

Your spell library contained the following spells:

 Spells                   Type           Power      Damage    Failure   Level
 Magic Dart               Conj           100%       1d8       1%          1
 Foxfire                  Conj/Fire      76%        2x1d7     4%          1
 Conjure Flame            Conj/Fire      19%        6-21      16%         3
 Dazzling Flash           Conj/Hex       38%        N/A       16%         3
 Inner Flame              Hex/Fire       2%         N/A       45%         3
 Fulminant Prism          Conj/Hex       9%         3d7       45%         4
 Iskenderun's Mystic Bla  Conj/Tloc      19%        2d6       45%         4


Dungeon Overview and Level Annotations

Branches:
Dungeon (2/15)

Altars:

Annotations:
D:2 Sigmund


Message History

Unknown command.
Sigmund gestures at you while chanting.
You are more confused.
Sigmund hits you from afar with a +0 scythe.
You're too confused to move!
Sigmund hits you with a +0 scythe.
Sigmund hits you from afar with a +0 scythe!
You bump into the rock wall.
Sigmund points at you and mumbles some strange words.
You resist with some effort.
You're too confused to move!
Sigmund misses you.
You feel less confused.
Sigmund flickers, as though insubstantial.
It was a potion of magic.
Magic courses through your body.
Sigmund casts a spell.
Sigmund flickers and vanishes!
Deactivating autopickup; reactivate with Ctrl-A.
Aiming: Searing Ray (safe; 2% risk of failure)
Press: ? - help, Q - select action, (/) - cycle Shift-Dir - straight line, f - you
Okay, then.
Okay, then.
Aiming: Searing Ray (safe; 2% risk of failure)
Press: ? - help, Q - select action, (/) - cycle Shift-Dir - straight line, f - you
Okay, then.
Aiming: Searing Ray (safe; 2% risk of failure)
Press: ? - help, Q - select action, (/) - cycle Shift-Dir - straight line You feel a surge of power! (Press . to maintain the ray.)
Something hits you.
The searing ray hits something!
Something barely misses you.
The searing ray hits something!
You finish channelling your searing ray.
Aiming: Searing Ray (safe; 2% risk of failure)
Press: ? - help, Q - select action, (/) - cycle Shift-Dir - straight line You feel a surge of power! (Press . to maintain the ray.)
Something hits you!
* * * LOW HITPOINT WARNING * * *
Something hits you!
You die...

#.##.# # #.
#.##.##.###########.##
#)......##.......##...
####.#####.......###.#
#..# #.......# #.#
##.# #.......# #.. #{#
#.......# #.. #.#
#.......# #.. #@#
#.......# #.. #.#
##......# ##.
#.#####)#.##.# #.
#.##....#....## #.
#..........#..###.
#####
####.......#...##.
....# ##......###....
###.######
###..#.#...###
.........# ##...#..##


There were no monsters in sight!

Vanquished Creatures
  Jessica (D:2)
  A dart slug (D:1)
  2 worms (D:2)
  5 bats
  5 endoplasms
  2 giant cockroaches
  5 goblins
  4 hobgoblins (D:2)
  6 jackals
  3 kobolds
  2 quokkas (D:1)
  7 ball pythons
  4 frilled lizards
  8 rats
55 creatures vanquished.

Notes
Turn   | Place    | Note
-------+----------+-------------------------------------------
     0 | D:1      | Armakuni the Human Conjurer began the quest for the Orb.
     0 | D:1      | Reached XP level 1. HP: 13/13 MP: 3/3
   158 | D:1      | Reached XP level 2. HP: 19/19 MP: 3/5
   243 | D:1      | Learned a level 2 spell: Searing Ray
   521 | D:1      | Reached XP level 3. HP: 24/24 MP: 3/6
   723 | D:1      | Reached skill level 5 in Conjurations
  1524 | D:2      | Noticed Jessica
  1527 | D:2      | Killed Jessica
  1528 | D:2      | Reached XP level 4. HP: 30/30 MP: 2/7
  1973 | D:2      | Learned a level 4 spell: Flame Wave
  2046 | D:2      | Found a faded altar of an unknown god.
  2325 | D:2      | Noticed Sigmund
  2352 | D:2      | HP: 1/30 [something (10)]
  2353 | D:2      | Mangled by Sigmund

Illustrated notes

Levels and vault maps discovered:
D:1:      eino_arrival_water_cross, layout_basic
D:2:      layout_loops_cross, hellmonk_ecumenical_altar_leap_of_faith,
          uniq_jessica, uniq_sigmund

Skill      XL: |  1  2  3 |
---------------+----------+-----
Conjurations   | 5 |  5.8
Dodging        | |  2.0
Stealth        | |  2.0
Spellcasting   | |  2.0

Action                   |  1- 3 |  4- 6 || total
-------------------------+-------+-------++-------
Melee: Whip              |    20 |     1 ||    21
 Cast: Magic Dart        |    10 |       ||    10
       Searing Ray       |    18 |    21 ||    39
  Use: Scroll            |     3 |     3 ||     6
       Potion            |       |     2 ||     2
Armor: Robe              |     3 |     1 ||     4
Dodge: Dodged            |    29 |     4 ||    33

Table legend: (Time is in decaauts)
 A = Elapsed time spent in this place.
 B = Non-inter-level travel time spent in this place.
 C = Inter-level travel time spent in this place.
 D = Time resting spent in this place.
 E = Time spent auto-exploring this place.
 F = Levels seen in this place.
 G = Mean time per level.
                   A        B        C        D        E       F      G
               +--------+--------+--------+--------+--------+-----+--------+
         Total |   2353 |   2328 |     25 |    228 |   1673 |   2 | 1176.5 |
       Dungeon |   2353 |   2328 |     25 |    228 |   1673 |   2 | 1176.5 |
               +--------+--------+--------+--------+--------+-----+--------+

Top non-repeatable levels by time:
     D:1: 1397 daAuts
     D:2: 955 daAuts
